 Dungeon Crawl Stone Soup version 0.26.1-11-gd32895ea62 (webtiles) character file.

Game seed: 2264930059879213900

461 Zeld the Skirmisher (level 7, 0/49 HPs)
             Began as an Octopode Monk on May 17, 2021.
             Killed from afar by an orc wizard (10 damage)
             ... with a magic dart
             ... on level 3 of the Dungeon.
             The game lasted 00:06:11 (4684 turns).

Zeld the Skirmisher (Octopode Monk)                 Turns: 4684, Time: 00:06:12

Health: 0/49       AC:  1    Str: 10    XL:     7   Next: 7%
Magic:  11/11      EV: 16    Int: 12    God:
Gold:   224        SH:  0    Dex: 17    Spells: 12/12 levels left

rFire    . . .     SeeInvis .     - Unarmed
rCold    . . .     Faith    .   (no shield)
rNeg     . . .     Spirit   .   e - +0 hat
rPois    .         Reflect  .   (no amulet)
rElec    .         Harm     .   (no ring)
rCorr    .         Rampage  .   (no ring)
Will     .....                  (no ring)
Stlth    +++.......             (no ring)
HPRegen  0.16/turn              (no ring)
MPRegen  0.12/turn              (no ring)
                                (no ring)
                                (no ring)

@: slowed, very slow
A: almost no armour, stealthy swim, amphibious, 8 rings, constrict 8, camouflage
1, gelatinous body 1
a: no special abilities


You were on level 3 of the Dungeon.
You visited 1 branch of the dungeon, and saw 4 of its levels.

You collected 224 gold pieces.

Inventory:

Missiles
 b - 15 poisoned darts
 o - 7 boomerangs of dispersal
 q - 2 boomerangs (quivered)
Armour
 e - a +0 hat (worn)
Wands
 j - a wand of polymorph (9)
Scrolls
 g - a scroll of teleportation
 l - a scroll of amnesia
 p - 3 scrolls of remove curse
 u - a scroll of enchant weapon
 w - a scroll of blinking
Potions
 a - a potion of magic
 i - a potion of invisibility
 k - a potion of flight {unknown}
 m - a potion of degeneration {unknown}
 s - a potion of might {unknown}
 t - a potion of cancellation {unknown}
 v - a potion of lignification {unknown}


   Skills:
 - Level 4.7 Fighting
 * Level 1.7 Throwing
 - Level 4.7 Dodging
 - Level 2.6 Stealth
 - Level 3.0 Unarmed Combat
 - Level 3.1 Spellcasting
 * Level 1.9 Evocations


You had 12 spell levels left.
You didn't know any spells.
Your spell library was empty.

Dungeon Overview and Level Annotations

Branches:
Dungeon (4/15)
 Temple: D:4-7

Altars:
Ashenzari
The Shining One


Innate Abilities, Weirdness & Mutations

You cannot wear most types of armour.
You are very stealthy in the water. (Stealth+)
You are amphibious.
You can wear up to eight rings at the same time.
You can use your tentacles to constrict eight enemies at once.
Your skin changes colour to match your surroundings (Stealth+).
Your rubbery body absorbs attacks. (AC +1, EV +1)


Message History

You are too injured to fight recklessly!
You are too injured to fight recklessly!
You are too injured to fight recklessly!
You are too injured to fight recklessly!
You closely miss the orc wizard. Your grab misses the orc wizard.
The orc wizard hits you with a +0 dagger. x2
* * * LOW HITPOINT WARNING * * *
You tentacle-slap the orc wizard but do no damage.
Your grab misses the orc wizard. You squeeze the orc wizard.
The orc wizard is lightly wounded.
The orc wizard hits you with a +0 dagger.
* * * LOW HITPOINT WARNING * * *
The orc wizard misses you.
You tentacle-slap the orc wizard but do no damage.
You grab the orc wizard. You squeeze the orc wizard.
The orc wizard is heavily wounded.
You constrict the orc wizard, but do no damage.
The orc wizard points at you and mumbles some strange words.
The magic dart hits you!
You die...

..#..# #...##.#...#
#.# .....#
#...##...### #.#
.....# #...###..# #.#
.....# #...###..#####
#.# ...###
#...#........# #)#
...#
####...#.#..###.###.#
..(#
#....###............#
...###.####
####.###.#####
.......# #@o)..#
'####### ####### .#
.#############
.............#
############.#
......####...#
#####...##.### ..#
###.##.#


You could see an orc wizard (fast).

Vanquished Creatures
  Sigmund (D:2)
  A hound (D:4)
  An orc priest (D:4)
  Natasha (thrice) (D:2)
  A gnoll (D:1)
  A howler monkey skeleton (D:4)
  5 adders
  2 oozes
  2 worms
  3 dart slugs
  2 leopard geckos
  5 orcs (D:3)
  3 giant cockroaches
  6 goblins
  2 hobgoblins
  6 kobolds
  3 quokkas (D:3)
  4 ball pythons
  10 bats
  5 frilled lizards
  13 rats
79 creatures vanquished.

Notes
Turn   | Place    | Note
-------+----------+-------------------------------------------
     0 | D:1      | Zeld the Octopode Monk began the quest for the Orb.
     0 | D:1      | Reached XP level 1. HP: 16/16 MP: 1/1
   221 | D:1      | Reached XP level 2. HP: 21/21 MP: 2/2
   323 | D:1      | Reached skill level 1 in Spellcasting
   520 | D:1      | Reached XP level 3. HP: 26/26 MP: 4/4
   877 | D:2      | Noticed Natasha
   883 | D:2      | Killed Natasha
   884 | D:2      | Reached XP level 4. HP: 19/33 MP: 6/6
  1022 | D:2      | Noticed Sigmund
  1036 | D:2      | Killed Sigmund
  1037 | D:2      | Reached XP level 5. HP: 26/38 MP: 6/9
  1037 | D:2      | Reached XP level 6. HP: 30/44 MP: 6/10
  1310 | D:2      | Noticed Natasha
  1316 | D:2      | Killed Natasha
  1615 | D:2      | Found a broken altar of Ashenzari.
  1794 | D:2      | Noticed Natasha
  1801 | D:2      | Killed Natasha
  2093 | D:3      | Found a glowing golden altar of the Shining One.
  3233 | D:4      | Reached skill level 1 in Throwing
  3233 | D:4      | Reached skill level 1 in Evocations
  3892 | D:4      | Reached XP level 7. HP: 48/49 MP: 11/11
  4684 | D:3      | Killed from afar by an orc wizard

Illustrated notes

Levels and vault maps discovered:
D:1:      amcnicky_arrival_abandoned_market, layout_rooms
D:2:      layout_loops_ring, nicolae_overflow_hidden_temple, uniq_sigmund,
          uniq_natasha
D:3:      layout_basic, old_standard_altar
D:4:      layout_cave_pools

Skill      XL: |  1  2  3  4  5  6 |
---------------+-------------------+-----
Spellcasting   | 1 2 3 |  3.1
Fighting       | 4 |  4.7
Dodging        | 4 |  4.7
Throwing       | 1 |  1.7
Evocations     | 1 |  1.9
Stealth        | |  2.6
Unarmed Combat | |  3.0

Action                   |  1- 3 |  4- 6 |  7- 9 || total
-------------------------+-------+-------+-------++-------
Melee: Unarmed           |    54 |   115 |    14 ||   183
       Constrict         |    14 |    32 |     2 ||    48
       Tentacles         |    16 |    21 |     5 ||    42
       Punch             |       |     3 |       ||     3
  Use: Scroll            |       |       |    11 ||    11
 Stab: Sleeping          |     3 |    19 |       ||    22
       Distracted        |       |     1 |       ||     1
Armor: Skin              |     4 |     4 |       ||     8
Dodge: Dodged            |    39 |    70 |    10 ||   119
